 Dungeon Crawl Stone Soup version 0.31-a0-549-gf98fd537a9 (webtiles) character file.

Game seed: 5931957756702067108

5899 Morbidden the Destroyer (level 10, -8/76 HPs)
             Began as a Barachi Conjurer on Aug 16, 2023.
             Was an Elder of Cheibriados.
             Mangled by an orc warrior
             ... wielding a +0 halberd
              (13 damage)
             ... on level 9 of the Dungeon.
             The game lasted 00:16:41 (11027 turns).

Morbidden the Destroyer (Barachi Conjurer)         Turns: 11027, Time: 00:16:42

Health: -8/76      AC:  6    Str: 17    XL:     10   Next: 82%
Magic:  3/19       EV: 29    Int: 39    God:    Cheibriados [****..]
Gold:   1626       SH:  0    Dex: 19    Spells: 9/22 levels left

rFire   + . .        a - +0 dagger (drain)
rCold   . . .        (no shield)
rNeg    + . .        C - +3 leather armour {rF+}
rPois   .            (helmet currently unavailable)
rElec   .            (cloak currently unavailable)
rCorr   .            o - melded +0 pair of gloves
SInv    .            l - melded +0 pair of boots
Will    .....        B - amulet "Miumola" {Acrobat Regen+}
Stlth   ++           g - ring of positive energy
HPRegen 1.12/turn    P - +6 ring of intelligence
MPRegen 0.16/turn

%: acrobat
@: beast-form, acrobatic, very slow
A: beast (slay +2), amphibious, slowness 1, strong legs 1, +LOS
a: Hop, Begin Untransformation, Renounce Religion, Bend Time, Temporal
Distortion, Slouch


You were on level 9 of the Dungeon.
You worshipped Cheibriados.
Cheibriados was greatly pleased with you.
You were a hulking beast.
You visited 2 branches of the dungeon, and saw 10 of its levels.
You also visited: Bailey.

You collected 1626 gold pieces.

Inventory:

Hand Weapons
 a - a +0 dagger of draining (weapon)
 b - a +0 dagger of protection
 s - a +0 broad axe
Missiles
 c - 19 boomerangs
 G - 10 poisoned darts (quivered)
Armour
 d - a +1 helmet
 l - a +0 pair of boots (melded)
 o - a +0 pair of gloves (melded)
 t - a +0 kite shield
 C - a +3 leather armour of fire resistance (worn)
 H - a +0 scale mail
Jewellery
 g - a ring of positive energy (left hand)
 B - the amulet "Miumola" (around neck) {Acrobat Regen+}
   (You acquired it in a bailey)

   [amulet of the acrobat]

   Acrobat:   It increases your evasion while moving and waiting.
   Regen+:    It increases your rate of health regeneration.
 L - an amulet of magic regeneration
 P - a +6 ring of intelligence (right hand)
Talismans
 h - a beast talisman (active)
Wands
 v - a wand of paralysis (11)
 A - a wand of mindburst (9)
 N - a wand of polymorph (14)
 R - a wand of roots (7)
 S - a wand of digging (7)
 T - a wand of flame (25)
Scrolls
 f - 7 scrolls of blinking
 j - 4 scrolls of teleportation
 k - 4 scrolls of amnesia
 m - 3 scrolls of enchant armour
 x - a scroll of vulnerability
 y - a scroll of fog
 I - a scroll of fear
 M - a scroll of immolation {unknown}
 O - 3 scrolls of identify
 Q - a scroll of noise {unknown}
Potions
 e - a potion of berserk rage {unknown}
 i - 4 potions of curing
 n - a potion of lignification {unknown}
 p - 2 potions of magic
 q - a potion of ambrosia {unknown}
 r - 2 potions of might {unknown}
 u - 2 potions of brilliance {unknown}
 w - 3 potions of enlightenment {unknown}
 z - a potion of haste {unknown}
 D - a potion of mutation {unknown}
 E - 4 potions of heal wounds
 F - a potion of cancellation {unknown}
 J - 3 potions of resistance {unknown}


   Skills:
 * Level 6.2 Fighting
 * Level 5.9 Short Blades
 + Level 0.8 Throwing
 * Level 4.9 Armour
 * Level 4.9 Dodging
 + Level 2.6 Stealth
 * Level 4.0 Shields
 * Level 6.6 Spellcasting
 * Level 8.9 Conjurations
 * Level 0.8 Translocations
 * Level 3.6 Invocations
 * Level 3.4 Evocations
 * Level 3.5 Shapeshifting


You had 9 spell levels left.
You knew the following spells:

 Your Spells              Type           Power      Damage    Failure   Level
a - Magic Dart            Conj           100%       1d8       1%          1
b - Searing Ray           Conj           100%       2d8       1%          2
c - Plasma Beam           Fire/Air       6%         2x1d17    99%         6
z - Iskenderun's Mystic   Conj/Tloc      51%        2d11      4%          4

Your spell library contained the following spells:

 Spells                   Type           Power      Damage    Failure   Level
 Foxfire                  Conj/Fire      100%       2x1d9     1%          1
 Dazzling Flash           Conj/Hex       94%        N/A       1%          3
 Slow                     Hex            48%        N/A       3%          1
 Ensorcelled Hibernation  Hex/Ice        24%        N/A       4%          2
 Passwall                 Tmut/Erth      10%        N/A       4%          2
 Flame Wave               Conj/Fire      48%        2d12      4%          4
 Fulminant Prism          Conj/Hex       23%        3d12      4%          4
 Swiftness                Air            13%        N/A       9%          3
 Summon Lightning Spire   Summ/Air       13%        N/A       30%         4
 Animate Armour           Summ/Erth      24%        N/A       32%         4
 Cause Fear               Hex            6%         N/A       32%         4
 Lee's Rapid Deconstruct  Erth           6%         3d6*      65%         5


Dungeon Overview and Level Annotations

Branches:
Dungeon (9/15)             Temple (1/1) D:4            Lair (0/5) D:8
 Bailey (visited)
    Orc: D:9-12

Altars:
Ashenzari
Cheibriados
Dithmenos
Elyvilon
Fedhas
Gozag
Hepliaklqana
Kikubaaqudgha
Makhleb
Nemelex Xobeh
Okawaru
Qazlal
Ru
Sif Muna
Trog
Uskayaw
Vehumet
Wu Jian
Xom
Yredelemnul
Zin
The Shining One

Shops:
D:7 *


Innate Abilities, Weirdness & Mutations

You are a hulking beast.
Your limbs bulge with bestial killing power. (Slay +2)
You are amphibious.
You cover ground slowly.
You can hop short distances.
You have an extended range of vision and can be seen from far away.


Message History

Your bullfrog closely misses the kobold brigand.
Your centaur hits the eight-headed hydra.
Your centaur kicks the eight-headed hydra.
Your howler monkey hits the eight-headed hydra.
Your howler monkey closely misses the eight-headed hydra.
The eight-headed hydra barely misses your centaur.
The eight-headed hydra bites your centaur! x2
Your centaur dies!
Your centaur's corpse dissolves into shadows!
The eight-headed hydra barely misses your kobold.
The eight-headed hydra bites your kobold!
Your kobold dies!
Your kobold's corpse dissolves into shadows!
The eight-headed hydra misses your howler monkey.
The eight-headed hydra bites your howler monkey!
The eight-headed hydra bites your howler monkey.
Your bullfrog hits the kobold brigand but does no damage.
Your howler monkey hits the eight-headed hydra.
Your kobold brigand throws a poisoned dart.
The poisoned dart closely misses the kobold brigand.
Your kobold hits the kobold brigand but does no damage.
Your kobold drains the kobold brigand.
The kobold brigand dies!
Cheibriados thoroughly appreciates the change of pace.
Your howler monkey barely misses the eight-headed hydra.
The eight-headed hydra barely misses your howler monkey.
The eight-headed hydra bites your howler monkey!
Your howler monkey dies!
Your howler monkey's corpse dissolves into shadows!
The eight-headed hydra bites your howler monkey!
The eight-headed hydra bites your howler monkey.
The eight-headed hydra bites your howler monkey! x2
Your howler monkey dies!
Your howler monkey's corpse dissolves into shadows!
Your kobold brigand throws a poisoned dart.
The poisoned dart barely misses the eight-headed hydra.
Your kobold yells, "Run!
I'll cover you!"
Your kobold throws a stone.
The stone hits the eight-headed hydra.
The orc warrior hits you from afar with a +0 halberd!
You die... #### .....############# .....#...........####### ....'...........#...... #..†........#...... #...#####...######' #.K.# #.......... #KKh# #.......... #KhK#

+..........
#...#
#########..
#....KDo#
#..
#...$F..#
#..
#.......'
#..
#...#####.
#####..
#... ..
+......
#... ..
#...... #..
... #......


You could see an eight-headed hydra (unaware, drained, ally target), an orc
warrior, a friendly kobold brigand (summoned), a friendly bullfrog (summoned), a
friendly howler monkey (summoned) and 5 friendly kobolds.

Vanquished Creatures
  An orc warlord (Bailey)
  An orc knight (Bailey)
  A rime drake (D:8)
  A polar bear (D:8)
  4 yaks (D:9)
  2 steam dragons
  A vampire mosquito (D:9)
  2 orc warriors (Bailey)
  7 ice beasts
  2 black bears
  2 ogres
  6 centaurs
  A kobold brigand (D:8)
  A bullfrog (D:8)
  A gnoll sergeant (D:6)
  2 scorpions (D:5)
  5 wights (D:6)
  A killer bee (D:9)
  3 howler monkeys (D:9)
  3 orc priests
  2 hounds
  A gnoll bouda (D:9)
  5 jellies
  3 iguanas
  7 orc wizards
  11 adders
  10 gnolls
  A shadow imp (D:6)
  A white imp (D:5)
  2 ufetubi
  3 worms
  4 dart slugs
  19 orcs
  5 endoplasms
  3 giant cockroaches (D:4)
  11 goblins
  4 hobgoblins
  3 jackals (D:3)
  A quokka (D:1)
  2 ball pythons
  3 bats
  2 frilled lizards (D:1)
  12 kobolds
  12 rats
174 creatures vanquished.

Vanquished Creatures (collateral kills)
  A kobold brigand (D:9)
1 creature vanquished.

Grand Total: 175 creatures vanquished

Notes
Turn   | Place    | Note
-------+----------+-------------------------------------------
     0 | D:1      | Morbidden the Barachi Conjurer began the quest for the Orb.
     0 | D:1      | Reached XP level 1. HP: 13/13 MP: 3/3
   278 | D:1      | Reached XP level 2. HP: 19/19 MP: 3/5
   466 | D:1      | Reached skill level 5 in Conjurations
   931 | D:2      | Reached skill level 1 in Short Blades
   931 | D:2      | Reached XP level 3. HP: 15/24 MP: 1/6
  1511 | D:2      | Reached XP level 4. HP: 30/30 MP: 3/8
  1643 | D:2      | Learned a level 2 spell: Searing Ray
  2806 | D:3      | Noticed an ogre
  2817 | D:3      | Killed an ogre
  2818 | D:3      | Reached skill level 1 in Fighting
  2818 | D:3      | Reached skill level 1 in Armour
  2818 | D:3      | Reached XP level 5. HP: 37/37 MP: 0/10
  3208 | D:4      | Found a staircase to the Ecumenical Temple.
  3324 | D:4      | Noticed an ogre
  3328 | Temple   | Entered the Ecumenical Temple
  3347 | Temple   | Became a worshipper of Cheibriados the Contemplative
  3403 | D:4      | Found a bloodstained altar of Trog.
  3411 | D:4      | Found a shadowy altar of Dithmenos.
  3434 | D:4      | Killed an ogre
  3435 | D:4      | Reached skill level 1 in Shapeshifting
  3435 | D:4      | Reached XP level 6. HP: 43/43 MP: 4/11
  3879 | D:5      | Entered Level 5 of the Dungeon
  4188 | D:5      | Reached skill level 6 in Conjurations
  4422 | D:5      | Reached skill level 1 in Shields
  4563 | D:5      | Reached XP level 7. HP: 49/49 MP: 6/12
  5025 | D:5      | Reached * piety under Cheibriados
  5597 | D:5      | Learned a level 4 spell: Iskenderun's Mystic Blast
  5659 | D:6      | Reached skill level 1 in Invocations
  5765 | D:6      | Reached skill level 1 in Evocations
  5765 | D:6      | Reached XP level 8. HP: 8/57 MP: 10/14
  6371 | D:6      | Reached skill level 7 in Conjurations
  6819 | D:6      | Reached ** piety under Cheibriados
  6943 | D:6      | Reached skill level 5 in Spellcasting
  7477 | D:7      | HP: 1/58 [iguana (7)]
  7577 | D:7      | Found Learchub's Overcharged Wands.
  7622 | D:7      | Found a flagged portal.
  7650 | Bailey   | Entered a bailey
  7657 | Bailey   | Noticed an orc warlord
  7902 | Bailey   | Noticed an orc knight
  7957 | Bailey   | Killed an orc knight
  7958 | Bailey   | Reached XP level 9. HP: 64/64 MP: 1/17
  8359 | Bailey   | Found a runed translucent gate.
  8361 | Bailey   | Found a runed translucent gate.
  8364 | Bailey   | Found a runed translucent gate.
  8366 | Bailey   | Acquired the Octavo of Combustive Maleficia
  8368 | Bailey   | Acquired the amulet "Miumola" {Acrobat Regen+}
  8567 | Bailey   | Killed an orc warlord
  8568 | Bailey   | Reached skill level 8 in Conjurations
  8592 | Bailey   | Acquired 989 gold pieces
  8918 | D:7      | Reached *** piety under Cheibriados
  9202 | D:7      | Reached XP level 10. HP: 49/73 MP: 7/19
  9825 | D:8      | Reached skill level 5 in Fighting
  9960 | D:8      | Reached skill level 5 in Short Blades
 10054 | D:8      | Found a staircase to the Lair.
 10814 | D:9      | Reached **** piety under Cheibriados
 10902 | D:9      | Learned a level 6 spell: Plasma Beam
 11021 | D:9      | Noticed an eight-headed hydra
 11026 | D:9      | HP: 3/76 [orc warrior/+0 halberd (15)]
 11027 | D:9      | Mangled by an orc warrior

Illustrated notes

Levels and vault maps discovered:
D:1:      mrwooster_arrival_statue, layout_basic, minmay_rat_gold_closets
D:2:      layout_basic, serial_park_tiny_1
D:3:      layout_basic
D:4:      layout_basic, mainiacjoe_overflow_catwalk_spiral,
          minmay_temple_entry_stoned_glass, nicolae_the_louvre
D:5:      layout_basic, nicolae_concentric_dashed_squares_mild
D:6:      layout_basic
D:7:      layout_cave_pods, enter_bailey_3, minmay_misc_feat_x,
          nicolae_shop_overcharged_wands
D:8:      layout_loops_ring, hellmonk_lair_entry_icy, minmay_crossroads
D:9:      kennysheep_blocky_room, layout_stronghold
Temple:   nicolae_temple_slightly_damp_pantheon

Skill      XL: |  1  2  3  4  5  6  7  8  9 10 |
---------------+-------------------------------+-----
Conjurations   | 5 6 7 8 |  8.9
Short Blades   | 1 2 3 4 5 |  5.9
Spellcasting   | 3 4 5 6 |  6.6
Fighting       | 1 2 3 4 6 |  6.2
Armour         | 1 2 3 4 |  4.9
Stealth        | 2 |  2.6
Shapeshifting  | 1 2 3 |  3.5
Shields        | 1 2 3 4 |  4.0
Dodging        | 3 4 |  4.9
Invocations    | 1 2 3 |  3.6
Evocations     | 1 2 3 |  3.4
Throwing       | |  0.8
Translocations | |  0.8

Action                     |  1- 3 |  4- 6 |  7- 9 | 10-12 || total
---------------------------+-------+-------+-------+-------++-------
  Melee: Unarmed           |     6 |       |       |       ||     6
         Dagger            |    11 |    10 |    33 |    94 ||   148
         Punch             |       |       |     1 |     3 ||     4
  Throw: Dart              |       |       |     8 |       ||     8
   Cast: Magic Dart        |    58 |    98 |   115 |    19 ||   290
         Searing Ray       |       |     5 |    51 |    16 ||    72
         Iskenderun's Myst |       |       |     7 |    13 ||    20
Ability: Hop               |       |       |     3 |     2 ||     5
  Evoke: Wand              |       |     2 |     8 |       ||    10
    Use: Potion            |       |       |     5 |       ||     5
         Scroll            |       |       |    15 |     1 ||    16
   Stab: Paralysed         |       |     1 |       |       ||     1
 Armour: Robe              |     1 |     8 |     6 |       ||    15
         Leather armour    |       |       |    22 |    36 ||    58
  Dodge: Dodged            |    16 |    19 |    75 |   120 ||   230
   Form: Beast             |     1 |       |     1 |       ||     2
                           |       |       |     1 |       ||     1

Table legend: (Time is in decaauts)
 A = Elapsed time spent in this place.
 B = Non-inter-level travel time spent in this place.
 C = Inter-level travel time spent in this place.
 D = Time resting spent in this place.
 E = Time spent auto-exploring this place.
 F = Levels seen in this place.
 G = Mean time per level.
                   A        B        C        D        E       F      G
               +--------+--------+--------+--------+--------+-----+--------+
         Total |  13862 |  13388 |    474 |   1584 |   9807 |  11 | 1260.2 |
       Dungeon |  12529 |  12103 |    426 |   1249 |   9407 |   9 | 1392.1 |
        Temple |     50 |      3 |     47 |      0 |      0 |   1 |   50.0 |
        Bailey |   1283 |   1283 |      0 |    335 |    400 |   1 | 1283.0 |
               +--------+--------+--------+--------+--------+-----+--------+

Top non-repeatable levels by time:
     D:6: 2350 daAuts
     D:8: 1739 daAuts
     D:5: 1739 daAuts
     D:7: 1732 daAuts
     D:2: 1413 daAuts
  Bailey: 1283 daAuts
     D:3: 1160 daAuts
     D:4: 1082 daAuts
     D:1: 973 daAuts
     D:9: 338 daAuts
  Temple: 50 daAuts
